AoeStats
← kawadotuti

Black Forest

510133883Analyzed
3v3 RM · 4d ago on Sep 29, 2026· 51m 52s· 6 players
Game mode
Random Map
Map size
Normal (6 player)
Population
200
Speed
Normal
Resources
Standard
Victory
Conquest
Starting age
Dark Age
Ending age
Imperial Age
RankedLock teamsTeams togetherTeam positionsShared explorationLock speedFull tech treeHidden civsTurbo modeCheats
Victory
Defeat
🇦🇹 Lithuanians · Austria
828
+6
🇫🇷 Bulgarians · France
740
+8
🇦🇹 Bohemians · Austria
700
+9
🇯🇴 Persians · Jordan
713
-12
🇮🇳 Portuguese · India
462
-5
🇶🇦 Romans · Qatar
452
-5
satncat
11:53 Feudal Age
14:26 Horse Collar
19:05 Wheelbarrow
19:50 Gold Mining
22:46 Double-Bit Axe
27:14 Castle Age
26:13 Stone Mining
26:32 Padded Archer Armor
26:24 Fletching
26:36 Scale Mail Armor
28:57 Heavy Plow
28:31 Crossbowman
32:02 Pikeman
35:45 Bow Saw
36:26 Stone Shaft Mining
36:43 Leather Archer Armor
36:34 Scale Barding Armor
36:26 Bodkin Arrow
36:47 Chain Mail Armor
38:00 Hand Cart
39:06 Caravan
41:31 Forging
41:42 Chain Barding Armor
40:55 Elite Skirmisher
43:04 Iron Casting
47:47 Imperial Age
45:12 Loom
45:17 Town Watch
48:27 Halberdier
TheDon
MR.ESSA
0:28 Loom
13:25 Feudal Age
19:35 Castle Age
20:02 Wheelbarrow
27:04 Murder Holes
27:14 Padded Archer Armor
27:04 Fletching
27:25 Forging
27:15 Scale Mail Armor
27:21 Scale Barding Armor
27:52 Double-Bit Axe
27:56 Town Watch
30:06 Hand Cart
31:16 Pikeman
32:33 Squires
37:00 Imperial Age
35:41 Leather Archer Armor
35:21 Bodkin Arrow
36:02 Iron Casting
37:05 Bow Saw
36:59 Town Patrol
38:25 Chemistry
39:05 Heavy Scorpion
40:04 Halberdier
41:40 Ring Archer Armor
42:14 Blast Furnace
41:48 Ballistics
47:59 Elite War Elephant
kriber
0:42 Loom
17:38 Feudal Age
18:22 Horse Collar
18:31 Double-Bit Axe
19:59 Gold Mining
22:16 Fletching
27:44 Castle Age
26:27 Forging
26:22 Scale Barding Armor
26:18 Scale Mail Armor
26:32 Bloodlines
28:06 Stone Mining
29:37 Heavy Plow
29:54 Bow Saw
31:29 Murder Holes
31:25 Guard Tower
32:08 Stirrups
32:58 Gold Shaft Mining
33:09 Stone Shaft Mining
32:40 Bodkin Arrow
32:47 Husbandry
32:51 Caravan
34:26 Wheelbarrow
34:04 Town Watch
37:43 Imperial Age
36:16 Hand Cart
37:06 Iron Casting
36:53 Chain Barding Armor
38:55 Siege Engineers
40:17 Blast Furnace
39:53 Plate Barding Armor
39:46 Elite Konnik
40:49 Conscription
41:41 Chain Mail Armor
41:34 Squires
43:08 Plate Mail Armor
44:35 Crop Rotation
kawadotuti
7:17 Loom
13:04 Feudal Age
13:49 Double-Bit Axe
13:47 Horse Collar
19:04 Castle Age
19:31 Wheelbarrow
24:32 Chemistry
24:20 Padded Archer Armor
24:12 Fletching
24:55 Heavy Plow
25:10 Bow Saw
25:14 Bodkin Arrow
26:17 Ballistics
29:15 Hand Cart
29:14 Town Watch
33:46 Imperial Age
32:58 Town Patrol
33:14 Wagenburg Tactics
34:15 Leather Archer Armor
35:18 Houfnice
37:24 Bombard Tower
38:32 Two-Man Saw
37:55 Fortified Wall
38:19 Ring Archer Armor
37:58 Bracer
39:31 Caravan
ktm
11:13 Feudal Age
13:55 Double-Bit Axe
16:32 Loom
19:13 Castle Age
17:13 Horse Collar
20:40 Heavy Plow
20:52 Bow Saw
25:38 Gold Mining
30:09 Imperial Age
32:11 Elite Leitis
38:09 Forging
38:05 Scale Barding Armor
38:46 Crop Rotation
39:20 Two-Man Saw
40:23 Stone Mining
42:50 Iron Casting
42:36 Chain Barding Armor
51:28 Plate Barding Armor
Connection lost

Rejoining the realm…

Still unreachable

The connection could not be restored.

Session expired

The server has moved on; the page needs a fresh start.